 Dungeon Crawl Stone Soup version 0.22-a0-605-g9281fa2 (webtiles) character file.

37695 Fuzzwah the Severer (level 13, -9/178 HPs)
             Began as a Minotaur Berserker on Jan 8, 2018.
             Was a High Priest of Trog.
             Mangled by a tyrant leech (22 damage)
             ... on level 5 of the Lair of Beasts on July 7, 2018.
             The game lasted 00:55:39 (11821 turns).

Fuzzwah the Severer (Minotaur Berserker)           Turns: 11821, Time: 00:55:40

Health: -9/178     AC: 21    Str: 27    XL:     13   Next: 59%
Magic:  16/16      EV: 23    Int:  4    God:    Trog [*****.]
Gold:   1328       SH:  0    Dex: 19    Spells: 12/12 levels left

rFire    + . .     SeeInvis +   x - +6 battleaxe of the Two Names {flame, SInv}
rCold    . . .     Gourm    .   (shield currently unavailable)
rNeg     . . .     Faith    .   Q - +0 chain mail {rPois}
rPois    +         Spirit   .   a - +2 hat {MR+}
rElec    .         Reflect  .   A - +2 cloak
rCorr    .         Harm     .   (no gloves)
MR       +....                  k - +2 pair of boots
Stlth    ..........             O - amulet "Pinoi" {rF+ Regen+ Dex+2}
HPRegen  0.79/turn              l - +6 ring of evasion
MPRegen  0.15/turn              G - +2 ring of dexterity

@: berserking, slowed
A: retaliatory headbutt, horns 2
a: Berserk, Trog's Hand, Brothers in Arms, Renounce Religion


You were on level 5 of the Lair of Beasts.
You worshipped Trog.
Trog was extremely pleased with you.
You were hungry.

You visited 2 branches of the dungeon, and saw 16 of its levels.
You also visited: Ossuary and Bailey.

You collected 1542 gold pieces.
You spent 214 gold pieces at shops.

Inventory:

Hand Weapons
 x - the +6 battleaxe of the Two Names (weapon) {flame, SInv}
   (Trog gifted it to you on level 5 of the Dungeon)

   It has been specially enchanted to burn those struck by it, causing extra
   injury to most foes and up to half again as much damage against particularly
   susceptible opponents.
   Big, fiery blades are also staple armaments of hydra-hunters.
   It lets you see invisible.
Armour
 a - a +2 hat of magic resistance (worn)
   (You took it off Gastronok on level 11 of the Dungeon)
 k - a +2 pair of boots (worn)
   (You found it on level 2 of the Dungeon)
 A - a +2 cloak (worn)
   (You bought it in a shop on level 5 of the Dungeon)
 Q - a +0 chain mail of poison resistance (worn)
   (You found it on level 11 of the Dungeon)
 T - a cursed +0 pair of gloves
   (You found it on level 4 of the Lair of Beasts)
Jewellery
 l - a +6 ring of evasion (left hand)
   (You found it on level 5 of the Dungeon)
 y - a +4 ring of protection
   (You found it on level 2 of the Lair of Beasts)
 z - an uncursed ring of protection from fire {rF+, !d}
   (You took it off a centaur warrior on level 9 of the Dungeon)
 G - a +2 ring of dexterity (right hand)
   (You found it on level 9 of the Dungeon)
 O - the amulet "Pinoi" (around neck) {rF+ Regen+ Dex+2}
   (You found it on level 9 of the Dungeon)

   [amulet of regeneration]

   It affects your dexterity (+2).
   It protects you from fire.
   It increases your rate of regeneration.
 S - an uncursed ring of see invisible {sInv, !d}
   (You found it on level 4 of the Lair of Beasts)
Wands
 j - a wand of acid (20)
   (You found it on level 1 of the Lair of Beasts)
 p - a wand of iceblast (13)
   (You found it on level 3 of the Lair of Beasts)
 D - a wand of disintegration (12)
   (You found it on level 11 of the Dungeon)
 F - a wand of digging (16)
   (You took it off Psyche on level 11 of the Dungeon)
 M - a wand of clouds (7)
   (You found it on level 4 of the Lair of Beasts)
Scrolls
 b - a scroll of immolation {!r}
 e - a scroll of identify {@r1}
 g - a scroll of blinking {!r}
 h - 3 scrolls of fog
 i - a scroll of magic mapping {unknown}
 m - a scroll of random uselessness {unknown}
 n - a scroll of remove curse
 q - 4 scrolls of teleportation
 H - a scroll of brand weapon {unknown}
 I - a scroll of fear
Potions
 d - 3 potions of resistance
 f - 4 potions of curing
 o - a potion of degeneration {unknown}
 s - a potion of brilliance {unknown}
 t - 2 potions of cancellation
 u - 4 potions of lignification {!q}
 v - 3 potions of haste
 w - a potion of might
 B - 2 potions of ambrosia
 E - a potion of invisibility {unknown}
 J - a potion of agility {unknown}
 K - 4 potions of flight
 P - 2 potions of heal wounds
Miscellaneous
 N - a lightning rod (4/4)
   (You found it on level 9 of the Dungeon)
Comestibles
 c - 25 rations


   Skills:
 + Level 12.5 Fighting
 * Level 16.7 Axes
 + Level 12.3 Armour
 + Level 11.3 Dodging
 + Level 5.7 Evocations


You had 12 spell levels left.
You didn't know any spells.
Your spell library was empty.

Dungeon Overview and Level Annotations

Branches:
Dungeon (11/15)            Temple (0/1) D:4            Lair (5/6) D:11
  Swamp (0/4) Lair:3        Snake (0/4) Lair:4
  Slime: Lair:5-6       Orc: D:9-12

Altars:
Ashenzari
Cheibriados
Dithmenos
Hepliaklqana
Ru
Sif Muna
Trog
Uskayaw
Wu Jian
Zin

Shops:
D:5 [   D:6 %   D:9 (

Annotations:
D:6 1 runed door, Violenta's ghost, novice NaWr
D:9 2 runed doors


Innate Abilities, Weirdness & Mutations

You reflexively headbutt those who attack you in melee.
You have a pair of horns on your head.


Message History

You hit the tyrant leech. You burn the tyrant leech.
Your headbutt misses the tyrant leech. You slice the swamp worm!!
You burn the swamp worm.
You kill the swamp worm!
Trog accepts your kill.
You slash the tyrant leech! You burn the tyrant leech.
You slash the tyrant leech! You burn the tyrant leech.
The tyrant leech misses you. You furiously retaliate!
You headbutt the tyrant leech. You closely miss the tyrant leech.
Your headbutt misses the tyrant leech. You slash the tyrant leech!
You burn the tyrant leech.
You feel the power of Trog in you as your rage grows.
You kill the tyrant leech!
Trog accepts your kill.
You slice the tyrant leech!! You burn the tyrant leech!
The tyrant leech closely misses you. The tyrant leech bites you!!
The tyrant leech draws strength from your injuries!
You take 23 damage, and have 55/178 hp.
You slice the tyrant leech!! You burn the tyrant leech!
You headbutt the tyrant leech! You barely miss the tyrant leech.
You slash the tyrant leech! You burn the tyrant leech.
You kill the tyrant leech!
Trog accepts your kill.
You hit the tyrant leech. You burn the tyrant leech.
Your headbutt misses the tyrant leech. You miss the tyrant leech.
A moth of wrath comes into view.
The tyrant leech completely misses you. You furiously retaliate!
You headbutt the tyrant leech!
The tyrant leech bites you but does no damage.
You miss the tyrant leech.
You headbutt the tyrant leech, but do no damage.
You slash the tyrant leech! You burn the tyrant leech.
A tyrant leech comes into view.
You slash the tyrant leech! You burn the tyrant leech.
You feel the power of Trog in you as your rage grows.
You kill the tyrant leech!
Trog accepts your kill.
You slice the tyrant leech!! You burn the tyrant leech!
You hit the tyrant leech. You burn the tyrant leech.
The tyrant leech closely misses you. The tyrant leech completely misses you.
You furiously retaliate!
You headbutt the tyrant leech!!
The moth of wrath goads the tyrant leech on!
The tyrant leech goes berserk!
You slash the tyrant leech! You burn the tyrant leech.
You feel the power of Trog in you as your rage grows.
You kill the tyrant leech!
Trog accepts your kill.
You barely miss the tyrant leech. You slice the tyrant leech!!
You burn the tyrant leech. You headbutt the tyrant leech!!
The tyrant leech completely misses you. You furiously retaliate!
You headbutt the tyrant leech. You closely miss the tyrant leech.
You headbutt the tyrant leech!
A tyrant leech comes into view.
You closely miss the tyrant leech.
The tyrant leech bites you but does no damage.
The moth of wrath goads the tyrant leech on!
The tyrant leech goes berserk!
A torpor snail comes into view.
Being near the torpor snail leaves you feeling lethargic.
You closely miss the tyrant leech. You slice the tyrant leech!!
You burn the tyrant leech. The tyrant leech completely misses you.
You furiously retaliate!
You headbutt the tyrant leech!!
You feel the power of Trog in you as your rage grows.
You kill the tyrant leech!
Trog accepts your kill. The tyrant leech closely misses you.
You furiously retaliate!
You headbutt the tyrant leech!! You barely miss the moth of wrath.
You headbutt the moth of wrath! You slice the tyrant leech!!
You burn the tyrant leech.
Your chain mail prevents you from hitting the tyrant leech.
The moth of wrath misses you. The tyrant leech bites you!
* * * LOW HITPOINT WARNING * * *
The tyrant leech draws strength from your injuries!
The tyrant leech closely misses you.
You take 17 damage, and have 43/178 hp.
You barely miss the moth of wrath. You headbutt the moth of wrath.
You hit the tyrant leech. You burn the tyrant leech.
You closely miss the tyrant leech.
The moth of wrath goads the tyrant leech on!
The tyrant leech goes berserk!
The tyrant leech misses you.
Your chain mail prevents you from hitting the moth of wrath.
You slash the tyrant leech! You burn the tyrant leech.
You closely miss the tyrant leech. The tyrant leech bites you!
* * * LOW HITPOINT WARNING * * *
The tyrant leech draws strength from your injuries!
The moth of wrath bites you!
* * * LOW HITPOINT WARNING * * *
The tyrant leech bites you but does no damage.
The tyrant leech bites you!
* * * LOW HITPOINT WARNING * * *
The tyrant leech draws strength from your injuries!
You take 32 damage, and have 12/178 hp.
You are too berserk!
The tyrant leech misses you. You furiously retaliate!
You headbutt the tyrant leech!
You feel a strong urge to attack something.
The moth of wrath bites you but does no damage.
The tyrant leech bites you!!
You die...

#....!....
...........
#..........
##..........
#...........
#####...........
#.###.P.##..........
..#........P.......#.
..........<@w........
≈≈.........wy††≈≈≈≈≈≈
≈≈≈.≈.......w≈≈≈≈≈≈≈≈
≈≈≈≈........≈≈≈######
≈≈≈≈≈.......≈≈≈#
..≈≈≈≈.....≈≈≈≈≈.
>≈≈≈≈......≈≈≈P#≈≈
≈≈≈≈≈.......≈≈≈####
≈≈........≈≈≈


You could see 2 tyrant leeches, a torpor snail and a moth of wrath.

Vanquished Creatures
  Gastronok (D:11)
  A hydra (Lair:2)
  2 centaur warriors (D:9)
  The ghost of Dunlor the Fighter, a novice MiGl (D:9)
  5 two-headed ogres
  Nergalle (D:11)
  An unseen horror (D:9)
  3 orc knights (Bailey)
  2 moths of wrath (Lair:5)
  3 manticores
  A black mamba (Lair:2)
  3 elephants (Lair:4)
  Psyche (D:11)
  A torpor snail (Lair:4)
  A komodo dragon (Lair:2)
  A gargoyle (D:10)
  9 spiny frogs
  A troll (D:9)
  4 polar bears
  8 tyrant leeches (Lair:5)
  7 blink frogs (Lair:3)
  5 hippogriffs
  A wyvern (D:9)
  A spriggan (D:10)
  39 yaks
  Eustachio (D:5)
  A steam dragon (D:9)
  Grum (D:11)
  2 hungry ghosts
  A naga (Lair:4)
  4 swamp worms (Lair:5)
  2 hell hounds (D:11)
  4 porcupines
  4 water moccasins
  8 orc warriors
  3 sky beasts
  3 ice beasts
  A black bear (Lair:4)
  2 necrophages
  6 ogres
  2 phantoms (D:7)
  7 wolves
  5 centaurs
  7 crocodiles
  2 elf zombies (Ossuary)
  3 big kobolds
  13 bullfrogs
  6 scorpions
  11 killer bees
  A howler monkey (D:10)
  2 wights (D:11)
  An electric eel (Lair:3)
  6 crimson imps
  A bullfrog zombie (D:6)
  5 centaur zombies
  A quasit (D:7)
  6 hounds
  A human zombie (Ossuary)
  A bullfrog skeleton (D:11)
  3 centaur skeletons
  4 jellies
  8 orc priests
  10 orc wizards
  3 iguanas
  9 worker ants
  A killer bee zombie (D:4)
  3 big kobold zombies (Ossuary)
  2 mummies (Ossuary)
  A hound zombie (D:7)
  3 hound skeletons
  15 adders
  A howler monkey skeleton (D:7)
  12 river rats (D:6)
  2 gnolls (Bailey)
  4 shadow imps
  An adder skeleton (D:4)
  An adder zombie (Ossuary)
  2 worms
  2 dart slugs
  6 leopard geckos
  37 orcs
  3 ball pythons
  5 giant cockroaches
  14 goblins
  6 hobgoblins
  7 jackals
  9 quokkas
  12 bats
  3 frilled lizards
  A goblin zombie (Ossuary)
  8 hobgoblin zombies (Ossuary)
  37 kobolds
  6 kobold zombies (Ossuary)
  A leopard gecko skeleton (D:4)
  10 orc zombies (Ossuary)
  A quokka zombie (D:7)
  17 rats
  2 fungi (D:8)
  3 plants
502 creatures vanquished.

Vanquished Creatures (others)
  3 fungi (Lair:4)
  5 plants
8 creatures vanquished.

Grand Total: 510 creatures vanquished

Notes
Turn   | Place    | Note
-------+----------+-------------------------------------------
     0 | D:1      | Fuzzwah the Minotaur Berserker began the quest for the Orb.
     0 | D:1      | Reached XP level 1. HP: 19/19 MP: 0/0
   411 | D:1      | Reached XP level 2. HP: 16/27 MP: 1/1
   411 | D:1      | Reached skill level 4 in Axes
   792 | D:2      | Found a faded altar of an unknown god.
   886 | D:2      | Reached XP level 3. HP: 33/33 MP: 2/2
   894 | D:2      | Reached skill level 4 in Fighting
   894 | D:2      | Reached skill level 3 in Armour
  1043 | D:2      | Found a shadowy altar of Dithmenos.
  1045 | D:2      | Found an ornate altar of the Wu Jian Council.
  1045 | D:2      | Found a deep blue altar of Sif Muna.
  1091 | D:2      | Reached ** piety under Trog
  1131 | D:2      | Found a sacrificial altar of Ru.
  1253 | D:2      | Found a snail-covered altar of Cheibriados.
  1356 | D:3      | Reached XP level 4. HP: 37/40 MP: 3/3
  1368 | D:3      | Reached skill level 5 in Axes
  1368 | D:3      | Reached skill level 3 in Dodging
  1685 | D:3      | Reached XP level 5. HP: 44/47 MP: 4/4
  1884 | D:3      | Noticed an angel
  1885 | D:3      | Found a glowing silver altar of Zin.
  2102 | D:4      | Reached *** piety under Trog
  2197 | D:4      | Reached skill level 4 in Armour
  2197 | D:4      | Reached XP level 6. HP: 30/55 MP: 5/5
  2365 | D:4      | Found a snail-covered altar of Cheibriados.
  2406 | D:4      | Reached skill level 5 in Fighting
  2406 | D:4      | Reached skill level 6 in Axes
  2544 | D:4      | Found a staircase to the Ecumenical Temple.
  2547 | D:4      | Reached skill level 4 in Dodging
  2593 | D:4      | Reached XP level 7. HP: 61/61 MP: 6/6
  2662 | D:4      | Reached skill level 7 in Axes
  2778 | D:5      | Entered Level 5 of the Dungeon
  2829 | D:5      | Noticed Eustachio
  2854 | D:5      | Found Vuppib's Armour Shop.
  2864 | D:5      | Killed Eustachio
  2864 | D:5      | Reached skill level 5 in Armour
  2913 | D:5      | Found a sand-covered staircase.
  2919 | Ossuary  | Entered an ossuary
  2934 | Ossuary  | Reached **** piety under Trog
  3071 | Ossuary  | Reached skill level 6 in Fighting
  3085 | Ossuary  | Reached skill level 8 in Axes
  3085 | Ossuary  | Reached XP level 8. HP: 69/70 MP: 7/7
  3126 | Ossuary  | Reached skill level 5 in Dodging
  3317 | D:5      | Reached ***** piety under Trog
  3330 | D:5      | Reached skill level 6 in Armour
  3358 | D:5      | Received a gift from Trog
  3360 | D:5      | Got a polished battleaxe {god gift}
  3361 | D:5      | Identified the +6 battleaxe of the Two Names {flame, SInv} (Trog gifted it to you on level 5 of the Dungeon)
  3879 | D:6      | Reached skill level 9 in Axes
  4070 | D:6      | Found a hide-covered altar of Uskayaw.
  4110 | D:6      | Found Rorhib Xie's Food Shop.
  4287 | D:6      | Reached skill level 7 in Fighting
  4375 | D:6      | Found a runed door.
  4381 | D:6      | Noticed Violenta's ghost (novice NaWr)
  4625 | D:6      | Reached skill level 6 in Dodging
  4641 | D:6      | Reached XP level 9. HP: 68/79 MP: 8/8
  4684 | D:6      | Received a gift from Trog
  4795 | D:5      | Bought a +2 cloak for 214 gold pieces
  4898 | D:7      | Reached skill level 10 in Axes
  4900 | D:7      | Reached skill level 7 in Armour
  5052 | D:7      | Found a hazy altar of Hepliaklqana.
  5184 | D:7      | Found a shattered altar of Ashenzari.
  5273 | D:7      | Reached skill level 8 in Fighting
  5351 | D:8      | Reached skill level 11 in Axes
  5368 | D:8      | Reached skill level 7 in Dodging
  5374 | D:8      | Noticed a two-headed ogre
  5383 | D:8      | Killed a two-headed ogre
  5383 | D:8      | Reached skill level 8 in Armour
  5383 | D:8      | Reached XP level 10. HP: 38/90 MP: 9/9
  5937 | D:8      | Found the +7 Singing Sword
  6023 | D:9      | Reached skill level 9 in Fighting
  6033 | D:9      | Reached skill level 12 in Axes
  6129 | D:9      | Found a runed door.
  6129 | D:9      | Noticed Dunlor's ghost (novice MiGl)
  6212 | D:9      | Found a runed door.
  6212 | D:9      | Found a runed door.
  6212 | D:9      | Noticed a centaur warrior
  6247 | D:9      | Found a flagged portal.
  6253 | Bailey   | Entered a bailey
  6259 | Bailey   | Noticed an orc knight
  6295 | Bailey   | Noticed an orc knight
  6318 | Bailey   | Received a gift from Trog
  6341 | Bailey   | Reached skill level 8 in Dodging
  6350 | Bailey   | Noticed an orc knight
  6359 | Bailey   | Killed an orc knight
  6363 | Bailey   | Killed an orc knight
  6363 | Bailey   | Reached skill level 9 in Armour
  6370 | Bailey   | Killed an orc knight
  6789 | D:9      | Found Kepap's Antique Weapon Shop.
  6807 | D:9      | Reached skill level 13 in Axes
  6912 | D:9      | Noticed a two-headed ogre
  6917 | D:9      | Killed a two-headed ogre
  6917 | D:9      | Reached XP level 11. HP: 95/99 MP: 10/10
  6933 | D:9      | Noticed an unseen horror
  6934 | D:9      | Noticed a centaur warrior
  6936 | D:9      | Noticed a centaur warrior
  6948 | D:9      | Killed a centaur warrior
  6948 | D:9      | Reached skill level 10 in Fighting
  6949 | D:9      | HP: 17/99 [centaur warrior/arrow (19)]
  6958 | D:9      | Killed a centaur warrior
  6958 | D:9      | Reached skill level 9 in Dodging
  6962 | D:9      | Killed an unseen horror
  7181 | D:9      | Got a warped silver amulet
  7205 | D:9      | Reached skill level 10 in Armour
  7460 | D:9      | Killed Dunlor's ghost
  7485 | D:10     | Entered Level 10 of the Dungeon
  7539 | D:10     | Reached skill level 1 in Evocations
  7601 | D:10     | Reached skill level 14 in Axes
  7731 | D:10     | Noticed a two-headed ogre
  7738 | D:10     | Killed a two-headed ogre
  7832 | D:10     | Received a gift from Trog
  7836 | D:10     | Reached skill level 2 in Evocations
  7880 | D:10     | Noticed a two-headed ogre
  7885 | D:10     | Killed a two-headed ogre
  8014 | D:10     | Identified the amulet "Pinoi" {rF+ Regen+ Dex+2} (You found it on level 9 of the Dungeon)
  8059 | D:11     | Found a staircase to the Lair.
  8091 | D:11     | Reached XP level 12. HP: 97/108 MP: 12/12
  8103 | D:11     | Reached skill level 11 in Fighting
  8189 | D:11     | Found a bloodstained altar of Trog.
  8304 | D:11     | Reached skill level 3 in Evocations
  8349 | D:11     | Noticed Psyche
  8354 | D:11     | Killed Psyche
  8356 | D:11     | Noticed Grum
  8368 | D:11     | Killed Grum
  8374 | D:11     | Reached skill level 10 in Dodging
  8395 | D:11     | Noticed Nergalle
  8406 | D:11     | Killed Nergalle
  8462 | D:11     | Noticed Gastronok
  8479 | D:11     | Killed Gastronok
  8479 | D:11     | Reached skill level 15 in Axes
  8479 | D:11     | Reached skill level 11 in Armour
  8775 | D:11     | Noticed a two-headed ogre
  8780 | D:11     | Killed a two-headed ogre
  8883 | Lair:1   | Entered Level 1 of the Lair of Beasts
  8981 | Lair:1   | Reached skill level 4 in Evocations
  9638 | Lair:2   | Noticed a seven-headed hydra
  9644 | Lair:2   | Killed a five-headed hydra
 10400 | Lair:3   | Reached XP level 13. HP: 115/117 MP: 15/15
 10439 | Lair:3   | Reached skill level 12 in Fighting
 10441 | Lair:3   | Reached skill level 16 in Axes
 10555 | Lair:3   | Found a staircase to the Swamp.
 11227 | Lair:4   | Reached skill level 5 in Evocations
 11254 | Lair:4   | Reached skill level 12 in Armour
 11259 | Lair:4   | Reached skill level 11 in Dodging
 11452 | Lair:4   | Found a staircase to the Snake Pit.
 11817 | Lair:5   | HP: 43/178 [tyrant leech (17)]
 11819 | Lair:5   | HP: 12/178 [tyrant leech (15)]
 11821 | Lair:5   | Mangled by a tyrant leech

Vault maps used:
D:1:      minmay_arrival_four_houses, serial_bayou_pond_a, minivault_27
D:2:      lemuel_round_altar, grunt_temple_overflow_diamond, first_ration,
          chequers_ecumenical_altar_island, hangedman_ru_absence
D:3:      zin_angel, serial_park_tiny_1, grunt_decor_arrowhead,
          serial_bayou_pond_b
D:4:      minmay_temple_entry_butterflies, kennysheep_slug_shrine
D:5:      serial_shops, shop_fountains, enter_ossuary_5,
          kennysheep_small_square, uniq_eustachio
D:6:      lemuel_ratsnest, kennysheep_mini_moat, ebering_ghost_sewer_d,
          serial_shops, nicolae_shop_temple_entry_statues_fountains
D:7:      overflow_temple_1_default, marbit_many_paths
D:8:      old_forge, uniq_maurice
D:9:      minmay_the_grid_triangle_9x9_recursive_2_mashed, enter_bailey_1,
          gammafunk_ghost_grave, serial_shops, shop_statue
D:10:     the_bakery, minmay_misc_feat_hallway
D:11:     minmay_lair_entry_lava, trog_ov_bears_minmay, uniq_nergalle,
          uniq_gastronok, uniq_grum, uniq_psyche
Lair:1:   serial_bayou_crossing
Lair:2:   serial_bayou_pond_d
Lair:3:   swamp_mist_pool
Lair:4:   guppyfry_snake_entry_island, grunt_megastairs_2
Lair:5:   worms_lemuel, infiniplex_staircase_pool_2
Ossuary:  ossuary_tomb_1
Bailey:   bailey_axe_4, bailey

Skill      XL: |  1  2  3  4  5  6  7  8  9 10 11 12 13 |
---------------+----------------------------------------+-----
Axes           | 4 5 6 8 9 11 13 14 15 16 | 16.7
Fighting       | 4 5 6 7 8 9 10 11 12 | 12.5
Armour         | 3 4 5 6 8 9 10 11 12 | 12.3
Dodging        | 3 4 6 7 8 9 10 11 | 11.3
Evocations     | 2 4 5 |  5.7

Action                   |  1- 3 |  4- 6 |  7- 9 | 10-12 | 13-15 || total
-------------------------+-------+-------+-------+-------+-------++-------
Melee: Hand axe          |    14 |       |       |       |       ||    14
       Headbutt          |     8 |    16 |    60 |    70 |    37 ||   191
       Mace              |    36 |    88 |       |       |       ||   124
       Morningstar       |       |    20 |   184 |       |       ||   204
       Battleaxe         |       |       |   149 |   399 |   127 ||   675
Throw: Tomahawk          |       |       |       |    34 |       ||    34
Invok: Berserk           |       |     1 |       |     2 |     1 ||     4
       Trog's Hand       |       |     1 |     1 |     1 |       ||     3
  Use: Potion            |     1 |     1 |       |    10 |       ||    12
       Scroll            |       |     5 |     3 |     9 |     3 ||    20
  Eat: Chunk             |     1 |     6 |     6 |    14 |     3 ||    30
       Ration            |       |       |     1 |     2 |       ||     3
Armor: Animal skin       |     2 |       |       |       |       ||     2
       Ring mail         |    14 |    35 |       |       |       ||    49
       Chain mail        |       |    26 |   180 |   139 |    38 ||   383
Dodge: Dodged            |    35 |    75 |   190 |   427 |   133 ||   860

Table legend:
 A = Spawn XP
 B = Non-spawn XP
 C = Spawn XP percentage of total XP
 D = Spawn monster count
 E = Non-spawn monster count
 F = Spawn count percentage of total count
 G = Total turns spent on level
                    A         B        C        D         E        F      G
               +---------+---------+-------+---------+---------+-------+---------
         Total |       0 |   53850 |   0.0 |       0 |     497 |   0.0 | 11821
               +---------+---------+-------+---------+---------+-------+---------
           D:1 |       0 |      17 |   0.0 |       0 |      10 |   0.0 |   729
           D:2 |       0 |      54 |   0.0 |       0 |      19 |   0.0 |   558
           D:3 |       0 |     146 |   0.0 |       0 |      32 |   0.0 |   799
           D:4 |       0 |     679 |   0.0 |       0 |      31 |   0.0 |   692
           D:5 |       0 |     628 |   0.0 |       0 |      27 |   0.0 |   922
           D:6 |       0 |     824 |   0.0 |       0 |      46 |   0.0 |   914
           D:7 |       0 |    1505 |   0.0 |       0 |      25 |   0.0 |   491
           D:8 |       0 |    2344 |   0.0 |       0 |      40 |   0.0 |   655
           D:9 |       0 |    7152 |   0.0 |       0 |      36 |   0.0 |   956
          D:10 |       0 |    4650 |   0.0 |       0 |      22 |   0.0 |   573
          D:11 |       0 |    9646 |   0.0 |       0 |      48 |   0.0 |   825
        Lair:1 |       0 |    3028 |   0.0 |       0 |      17 |   0.0 |   667
        Lair:2 |       0 |    3711 |   0.0 |       0 |      11 |   0.0 |   840
        Lair:3 |       0 |    4024 |   0.0 |       0 |      21 |   0.0 |   753
        Lair:4 |       0 |    8286 |   0.0 |       0 |      33 |   0.0 |   624
        Lair:5 |       0 |    4081 |   0.0 |       0 |      15 |   0.0 |    54
       Ossuary |       0 |     579 |   0.0 |       0 |      38 |   0.0 |   236
        Bailey |       0 |    2496 |   0.0 |       0 |      26 |   0.0 |   533
               +---------+---------+-------+---------+---------+-------+---------

Vault maps used:
D:1:      minmay_arrival_four_houses, serial_bayou_pond_a, minivault_27
D:2:      lemuel_round_altar, grunt_temple_overflow_diamond, first_ration,
          chequers_ecumenical_altar_island, hangedman_ru_absence
D:3:      zin_angel, serial_park_tiny_1, grunt_decor_arrowhead,
          serial_bayou_pond_b
D:4:      minmay_temple_entry_butterflies, kennysheep_slug_shrine
D:5:      serial_shops, shop_fountains, enter_ossuary_5,
          kennysheep_small_square, uniq_eustachio
D:6:      lemuel_ratsnest, kennysheep_mini_moat, ebering_ghost_sewer_d,
          serial_shops, nicolae_shop_temple_entry_statues_fountains
D:7:      overflow_temple_1_default, marbit_many_paths
D:8:      old_forge, uniq_maurice
D:9:      minmay_the_grid_triangle_9x9_recursive_2_mashed, enter_bailey_1,
          gammafunk_ghost_grave, serial_shops, shop_statue
D:10:     the_bakery, minmay_misc_feat_hallway
D:11:     minmay_lair_entry_lava, trog_ov_bears_minmay, uniq_nergalle,
          uniq_gastronok, uniq_grum, uniq_psyche
Lair:1:   serial_bayou_crossing
Lair:2:   serial_bayou_pond_d
Lair:3:   swamp_mist_pool
Lair:4:   guppyfry_snake_entry_island, grunt_megastairs_2
Lair:5:   worms_lemuel, infiniplex_staircase_pool_2
Ossuary:  ossuary_tomb_1
Bailey:   bailey_axe_4, bailey

Table legend:
 A = Turns spent in this place as a percentage of turns spent in the entire game.
 B = Non-inter-level travel turns spent in this place as a percentage of non-inter-level travel turns spent in the entire game.
 C = Inter-level travel turns spent in this place as a percentage of turns spent in this place.
 D = Turns resting spent in this place as a percentage of non-inter-level travel turns spent in this place.
 E = Turns spent auto-exploring this place as a percentage of non-inter-level travel turns spent in this place.
 F = Non-inter-level travel turns spent in this place divided by the number of levels of this place that you've seen.
                   A       B       C       D       E      F
               +-------+-------+-------+-------+-------+----------------------
         Total | 100.0 | 100.0 |   4.2 |  12.7 |  65.9 | 629.0
       Dungeon |  68.6 |  67.9 |   5.3 |  15.3 |  62.3 | 698.7
          Lair |  24.9 |  25.3 |   2.4 |   1.3 |  84.6 | 573.4
       Ossuary |   2.0 |   2.1 |   0.0 |   0.0 |  37.3 | 236.0
        Bailey |   4.5 |   4.7 |   0.0 |  41.8 |  31.0 | 533.0
               +-------+-------+-------+-------+-------+----------------------

Table legend:
 A = Kills in this place as a percentage of kills in entire the game.
 B = Kills by you in this place as a percentage of kills by you in the entire game.
 C = Kills by friends in this place as a percentage of kills by friends in the entire game.
 D = Other kills in this place as a percentage of other kills in the entire game.
 E = Experience gained in this place as a percentage of experience gained in the entire game.
 F = Experience gained in this place divided by the number of levels of this place that you have seen.
                   A       B       C       D       E      F
               +-------+-------+-------+-------+-------+----------------------
         Total | 100.0 | 100.0 |   N/A |   N/A | 100.0 | 2991.7
       Dungeon |  67.6 |  67.6 |   N/A |   N/A |  51.3 | 2513.2
          Lair |  19.5 |  19.5 |   N/A |   N/A |  43.0 | 4626.0
       Ossuary |   7.6 |   7.6 |   N/A |   N/A |   1.1 | 579.0
        Bailey |   5.2 |   5.2 |   N/A |   N/A |   4.6 | 2496.0
               +-------+-------+-------+-------+-------+----------------------
